 Dungeon Crawl Stone Soup version 0.28-a0-422-gd71735cc25 (webtiles) character file.

Game seed: 3487906493075698243

91 pokeman the Magician (level 4, 0/25 HPs)
             Began as a Deep Elf Hedge Wizard on Sept 8, 2021.
             Shot with a stone by a goblin (6 damage)
             ... led by Robin
             ... on level 3 of the Dungeon.
             The game lasted 00:06:32 (2694 turns).

pokeman the Magician (Deep Elf Hedge Wizard)        Turns: 2694, Time: 00:06:33

Health: 0/25       AC:  4    Str:  7    XL:     4   Next: 34%
Magic:  1/13       EV: 12    Int: 20    God:
Gold:   97         SH:  0    Dex: 14    Spells: 3/14 levels left

rFire   . . .      SeeInvis .   a - +2 whip (drain)
rCold   . . .      Faith    .   (no shield)
rNeg    . . .      Spirit   .   p - +0 leather armour
rPois   .          Reflect  .   c - +0 hat
rElec   .          Harm     .   (no cloak)
rCorr   .          Rampage  .   d - +0 pair of gloves
Will    .....                   (no boots)
Stlth   ++........              (no amulet)
HPRegen 0.08/turn               (no ring)
MPRegen 0.13/turn               (no ring)

@: no status effects
A: no striking features
a: no special abilities


You were on level 3 of the Dungeon.
You visited 1 branch of the dungeon, and saw 3 of its levels.

You collected 97 gold pieces.

Inventory:

Hand Weapons
 a - a +2 whip of draining (weapon)
Missiles
 e - 27 bolts
 m - 15 arrows
Armour
 c - a +0 hat (worn)
 d - a +0 pair of gloves (worn)
 p - a +0 leather armour (worn)
Scrolls
 f - a scroll of noise {unknown}
 h - 2 scrolls of identify {unknown}
 i - a scroll of enchant weapon {unknown}
 j - 3 scrolls of blinking {unknown}
 k - a scroll of immolation {unknown}
Potions
 g - a potion of attraction {unknown}
 l - a potion of ambrosia {unknown}
 n - a potion of curing {unknown}
 o - a potion of flight {unknown}


   Skills:
 - Level 1.0 Fighting
 - Level 1.0 Armour
 + Level 2.7 Dodging
 - Level 2.4 Stealth
 * Level 5.7 Spellcasting
 + Level 2.1 Conjurations
 - Level 1.1 Summonings
 - Level 1.1 Translocations
 + Level 0.4 Fire Magic


You had 3 spell levels left.
You knew the following spells:

 Your Spells              Type           Power      Damage    Failure   Level
a - Magic Dart            Conj           56%        1d5       6%          1
b - Mephitic Cloud        Conj/Pois/Air  8%         N/A       34%         3
c - Call Imp              Summ           10%        N/A       16%         2
d - Blink                 Tloc           N/A        N/A       16%         2
e - Conjure Flame         Conj/Fire      11%        6-21      26%         3

Your spell library contained the following spells:

 Spells                   Type           Power      Damage    Failure   Level
 Slow                     Hex            5%         N/A       24%         2
 Call Canine Familiar     Summ           10%        N/A       30%         3
 Portal Projectile        Hex/Tloc       14%        N/A       36%         3
 Leda's Liquefaction      Hex/Erth       2%         N/A       83%         4


Dungeon Overview and Level Annotations

Branches:
Dungeon (3/15)

Altars:
Elyvilon

Annotations:
D:3 Ijyb


Message History

The hobgoblin barely misses you.
Robin roars a battlecry!
The goblins go into a battle-frenzy!
The goblin closely misses you.
Your shadow imp closely misses the goblin.
Casting: Magic Dart (safe; 7% risk of failure)
Confirm with . or Enter, or press ? or * to list all spells.
Aiming: Magic Dart (safe; 7% risk of failure)
Press: ? - help, Shift-Dir - straight line, f/p - goblin
Aim: a goblin, wielding a +0 dagger (heavily wounded, strong, 100% to hit)
The magic dart hits the goblin.
You kill the goblin!
The hobgoblin misses you.
The goblin hits Robin with a +0 dagger of speed.
Robin is killed!
The goblin completely misses the goblin.
You swap places.
The hobgoblin misses your shadow imp.
The goblin hits the goblin with a +0 dagger of speed.
Your shadow imp hits the hobgoblin.
Things that are here:
a +0 dagger; a goblin corpse Unknown command.
The hobgoblin barely misses your shadow imp.
Your shadow imp gestures at the hobgoblin.
The hobgoblin writhes in agony!
The hobgoblin dies!
Casting: Magic Dart (safe; 6% risk of failure)
Confirm with . or Enter, or press ? or * to list all spells.
A beastly little devil appears in a puff of flame.
Your shadow imp disappears in a puff of smoke!
The goblin seems less confused.
Unknown command.
You swap places.
The goblin shoots a stone.
The stone hits your crimson imp but does no damage.
Ijyb the Twisted Goblin comes into view.
She is wielding a +0 dagger and carrying a wand of flame (20).
The goblin shoots a stone.
The stone hits your crimson imp.
The goblin shoots a stone.
The stone closely misses your crimson imp.
The stone hits you.
You die...

#.. .. ####..#########.#
. +..#.)gggg.)g.#.#
.##.#..g######.#.#
.......# #.#.#
####.##..######5#.######
##.......................
#...PPPP..####.._..####..
#........[......@........
..###.##..######.#.######
....#.##.......#.#.#
###.#.#........#.#.#
#.#.##########.#.# #.#..
..#.# #.### ########g#
#.#######....<#
#.........#####


You could see a goblin (strong) and a friendly crimson imp (summoned).

Vanquished Creatures
  Robin (D:3)
  An adder (D:2)
  A worm (D:2)
  5 dart slugs
  5 bats
  4 endoplasms
  3 giant cockroaches
  11 goblins
  5 hobgoblins
  3 kobolds
  2 quokkas (D:2)
  7 ball pythons
  2 frilled lizards (D:2)
  4 rats
54 creatures vanquished.

Vanquished Creatures (collateral kills)
  A hobgoblin (D:3)
1 creature vanquished.

Grand Total: 55 creatures vanquished

Notes
Turn   | Place    | Note
-------+----------+-------------------------------------------
     0 | D:1      | pokeman the Deep Elf Hedge Wizard began the quest for the
                  | Orb.
     0 | D:1      | Reached XP level 1. HP: 10/10 MP: 7/7
   522 | D:1      | Reached XP level 2. HP: 15/15 MP: 6/9
   994 | D:1      | Reached skill level 5 in Spellcasting
  1365 | D:2      | Reached XP level 3. HP: 20/20 MP: 3/11
  1369 | D:2      | Learned a level 3 spell: Mephitic Cloud
  1372 | D:2      | Learned a level 2 spell: Call Imp
  1375 | D:2      | Learned a level 2 spell: Blink
  1379 | D:2      | Learned a level 3 spell: Conjure Flame
  1690 | D:2      | Reached skill level 1 in Armour
  1777 | D:2      | Reached skill level 1 in Fighting
  2025 | D:2      | Reached XP level 4. HP: 25/25 MP: 10/13
  2326 | D:2      | Found a faded altar of an unknown god.
  2639 | D:3      | Found a white marble altar of Elyvilon.
  2663 | D:3      | Noticed Robin
  2685 | D:3      | Killed Robin
  2693 | D:3      | Noticed Ijyb
  2694 | D:3      | Shot with a stone by a goblin

Illustrated notes

Levels and vault maps discovered:
D:1:      minmay_arrival_up_and_down, layout_basic, amcnicky_mini_pool_small
D:2:      layout_loops_ring, shapermc_ecumenical_altar_petra
D:3:      layout_basic, mainiacjoe_overflow_boulevard, minmay_vboxes,
          uniq_robin, uniq_ijyb

Skill      XL: |  1  2  3 |
---------------+----------+-----
Spellcasting   | 5 |  5.7
Armour         | 1 |  1.0
Conjurations   | 2 |  2.1
Fighting       | 1 |  1.0
Dodging        | |  2.7
Stealth        | |  2.4
Summonings     | |  1.1
Translocations | |  1.1
Fire Magic     | |  0.4

Action                   |  1- 3 |  4- 6 || total
-------------------------+-------+-------++-------
Melee: Dagger            |    13 |       ||    13
       Whip              |     4 |     4 ||     8
 Cast: Magic Dart        |   107 |    15 ||   122
       Mephitic Cloud    |     1 |     1 ||     2
       Call Imp          |       |     3 ||     3
 Stab: Confused          |     1 |     1 ||     2
Armor: Robe              |     5 |       ||     5
       Leather armour    |       |     1 ||     1
Dodge: Dodged            |    22 |     4 ||    26

Table legend: (Time is in decaauts)
 A = Elapsed time spent in this place.
 B = Non-inter-level travel time spent in this place.
 C = Inter-level travel time spent in this place.
 D = Time resting spent in this place.
 E = Time spent auto-exploring this place.
 F = Levels seen in this place.
 G = Mean time per level.
                   A        B        C        D        E       F      G
               +--------+--------+--------+--------+--------+-----+--------+
         Total |   2693 |   2624 |     69 |     34 |   2249 |   3 |  897.7 |
       Dungeon |   2693 |   2624 |     69 |     34 |   2249 |   3 |  897.7 |
               +--------+--------+--------+--------+--------+-----+--------+

Top non-repeatable levels by time:
     D:1: 1357 daAuts
     D:2: 1250 daAuts
     D:3: 86 daAuts
